 Dungeon Crawl Stone Soup version 0.28.0 (webtiles) character file.

Game seed: 5733869331583300572

67838 GrayStillPlays the Fighter (level 14, -6/116 HPs)
             Began as a Demonspawn Fighter on Feb 13, 2022.
             Was the Champion of Okawaru.
             Mangled by a troll (9 damage)
             ... while paralysed by an ogre mage
             ... on level 2 of the Orcish Mines.
             The game lasted 00:55:56 (27587 turns).

GrayStillPlays the Fighter (Demonspawn Fighter)    Turns: 27587, Time: 00:55:56

Health: -6/116     AC: 33    Str: 34    XL:     14   Next: 84%
Magic:  0/34       EV:  2    Int: 20    God:    Okawaru [******]
Gold:   1673       SH:  0    Dex: 10    Spells: 28/28 levels left

rFire   + . .      SeeInvis .   R - +11 war axe of Responsibility {elec, rF+ Int+4, axe}
rCold   . . .      Faith    .   c - +0 buckler
rNeg    + . .      Spirit   +   Z - +7 plate armour of Gallantry {Rampage rCorr MP+9 Int+2}
rPois   +          Reflect  .   C - +0 helmet of the Evening Star {rPois}
rElec   .          Harm     .   k - +2 cloak {rCorr}
rCorr   +          Rampage  +   G - +2 pair of gloves
Will    +....                   a - -2 pair of boots of the Hall of Blades {rPois Str+7 Int+4 Dex-3}
Stlth   ..........              u - amulet of magic regeneration {@e2}
HPRegen 0.29/turn               B - ring of positive energy
MPRegen 0.88/turn               I - +6 ring of strength

@: paralysed, heroic, finesse-ful
A: ignite blood 2, magic shield, magic regeneration, weakness stinger 1
a: Renounce Religion, Heroism, Finesse, Duel


You were on level 2 of the Orcish Mines.
You worshipped Okawaru.
Okawaru was exalted by your worship.
You visited 3 branches of the dungeon, and saw 20 of its levels.
You also visited: Sewer and Volcano.

You collected 1933 gold pieces.
You spent 260 gold pieces at shops.


Innate Abilities, Weirdness & Mutations

Your demonic aura often causes spilled blood to erupt in flames.
When hurt, damage is shared between your health and your magic reserves.
You regenerate magic rapidly.
You have a small tail.


   Skills:
 + Level 12.7(17.7) Fighting
 + Level 8.1(13.1) Axes
 + Level 11.6(16.6) Armour
 - Level 8.6(13.6) Dodging
 + Level 7.8(12.8) Shields
 + Level 7.7 Spellcasting
 - Level 10.0 Invocations
 - Level 8.7 Evocations


You had 28 spell levels left.
You didn't know any spells.
Your spell library contained the following spells:

 Spells                   Type           Power      Damage    Failure   Level
 Foxfire                  Conj/Fire      28%        2x1d5     38%         1
 Pain                     Necr           28%        1d5       38%         1
 Sandblast                Erth           14%        2d6       38%         1
 Corpse Rot               Necr/Air       14%        N/A       54%         2
 Passwall                 Tmut/Erth      5%         N/A       54%         2
 Poisonous Vapours        Pois/Air       14%        N/A       54%         2
 Conjure Flame            Conj/Fire      7%         6-21      77%         3
 Inner Flame              Hex/Fire       7%         N/A       77%         3
 Ozocubu's Armour         Ice            7%         N/A       77%         3
 Portal Projectile        Hex/Tloc       14%        N/A       77%         3
 Stone Arrow              Conj/Erth      14%        3d7       77%         3
 Vampiric Draining        Necr           7%         2d6       77%         3
 Flame Wave               Conj/Fire      7%         2d5       99%         4
 Leda's Liquefaction      Hex/Erth       3%         N/A       99%         4
 Blade Hands              Tmut           3%         N/A       100%        5
 Excruciating Wounds      Necr           3%         N/A       100%        5
 Fireball                 Conj/Fire      3%         3d4       100%        5
 Lee's Rapid Deconstruct  Erth           3%         3d6*      100%        5
 Conjure Ball Lightning   Conj/Air       3%         3x3d6     100%        6
 Starburst                Conj/Fire      3%         6d3       100%        6
 Statue Form              Tmut/Erth      4%         N/A       100%        6
 Ozocubu's Refrigeration  Ice            3%         4d5       100%        7
 Storm Form               Tmut/Air       3%         N/A       100%        7
 Borgnjor's Revivificati  Necr           3%         N/A       100%        8
 Discord                  Hex            3%         N/A       100%        8
 Disjunction              Tloc           3%         N/A       100%        8
 Ignition                 Fire           3%         3d4       100%        8
 Maxwell's Capacitive Co  Air            3%         ∞         100%        8
 Necromutation            Tmut/Necr      3%         N/A       100%        8
 Death's Door             Necr           3%         N/A       100%        9
 Animate Skeleton         Necr           Unusable   N/A       N/A         1
 Summon Small Mammal      Summ           Unusable   N/A       N/A         1
 Call Canine Familiar     Summ           Unusable   N/A       N/A         3
 Summon Guardian Golem    Hex/Summ       Unusable   N/A       N/A         3
 Summon Lightning Spire   Summ/Air       Unusable   N/A       N/A         4
 Simulacrum               Ice/Necr       Unusable   N/A       N/A         6
 Malign Gateway           Summ/Tloc      Unusable   N/A       N/A         7
 Summon Horrible Things   Summ           Unusable   N/A       N/A         8

Inventory:

Hand Weapons
 v - the +8 storm bow {elec, penet}
   (Okawaru gifted it to you on level 6 of the Lair of Beasts)

   Any ammunition fired from it occasionally discharges a powerful burst of
   electricity upon striking a foe.
   Any ammunition fired by it passes through the targets it hits, potentially
   hitting all targets in its path until it reaches maximum range.
 y - a +3 whip of venom {mace}
   (You took it off a kobold on level 8 of the Dungeon)
 R - the +11 war axe of Responsibility (weapon) {elec, rF+ Int+4, axe}
   (You found it on level 5 of the Lair of Beasts)

   It occasionally discharges a powerful burst of electricity upon striking a
   foe.
   Int:       It affects your intelligence (+4).
   rF:        It protects you from fire.
Missiles
 h - 40 poisoned darts {throwing}
 n - 197 arrows
 p - 7 atropa-tipped darts {throwing}
 E - a curare-tipped dart {=fthrowing}
 M - 3 throwing nets {=f!fthrowing}
 V - 2 datura-tipped darts {throwing}
Armour
 a - the -2 pair of boots of the Hall of Blades (worn) {rPois Str+7 Int+4 Dex-3}
   (Okawaru gifted it to you on level 1 of the Lair of Beasts)

   Str:       It affects your strength (+7).
   Int:       It affects your intelligence (+4).
   Dex:       It affects your dexterity (-3).
   rPois:     It protects you from poison.
 c - a +0 buckler (worn)
 k - a +2 cloak of preservation (worn)
   (You found it on level 5 of the Dungeon)
 C - the +0 helmet of the Evening Star (worn) {rPois}
   (Okawaru gifted it to you on level 4 of the Lair of Beasts)

   rPois:     It protects you from poison.
 G - a +2 pair of gloves (worn)
   (You found it on level 2 of the Lair of Beasts)
 Z - the +7 plate armour of Gallantry (worn) {Rampage rCorr MP+9 Int+2}
   (Okawaru gifted it to you on level 6 of the Lair of Beasts)

   Int:       It affects your intelligence (+2).
   MP:        It affects your magic capacity (+9).
   rCorr:     It protects you from acid and corrosion.
   Rampage:   It bestows one free step when moving towards enemies.
Jewellery
 u - an amulet of magic regeneration (around neck) {@e2}
   (You found it on level 3 of the Dungeon)
 B - a ring of positive energy (left hand)
   (You found it on level 5 of the Dungeon)
 I - a +6 ring of strength (right hand)
   (You found it on level 5 of the Dungeon)
Wands
 b - a wand of polymorph (10)
   (You found it on level 2 of the Lair of Beasts)
 q - a wand of mindburst (9)
   (You took it off Erolcha on level 9 of the Dungeon)
 t - a wand of digging (10)
   (You found it on level 3 of the Dungeon)
 D - a wand of iceblast (11) (quivered)
   (You found it on level 5 of the Dungeon)
 P - a wand of paralysis (4)
   (You found it on level 7 of the Dungeon)
 S - a wand of charming (5)
   (You found it on level 3 of the Lair of Beasts)
Scrolls
 e - 2 scrolls of immolation {!r!r}
 g - 2 scrolls of blinking {!r}
 m - 8 scrolls of teleportation {@r4}
 r - a scroll of identify {@r1}
 w - a scroll of summoning
 F - 3 scrolls of magic mapping {!r}
 H - 5 scrolls of fog
 K - 2 scrolls of enchant armour
 L - a scroll of torment {!r}
 N - 6 scrolls of fear
 O - 2 scrolls of holy word {unknown}
 W - 2 scrolls of vulnerability {!r!r}
Potions
 d - 4 potions of might
 f - 10 potions of curing {@q1}
 i - 6 potions of ambrosia
 j - 5 potions of haste {@q3}
 o - 2 potions of cancellation
 s - 3 potions of invisibility
 x - 7 potions of heal wounds {@q2}
 z - 2 potions of magic
 A - 5 potions of brilliance
 J - 2 potions of flight
 Q - 10 potions of mutation {!q}
 T - 2 potions of attraction {unknown}
 U - a potion of resistance
 X - 4 potions of lignification {!q}
 Y - a potion of berserk rage {unknown}
Miscellaneous
 l - a phial of floods
   (You found it on level 6 of the Lair of Beasts)

Dungeon Overview and Level Annotations

Branches:
Dungeon (12/15)            Temple (0/1) D:5            Lair (6/6) D:10
 Shoals (0/4) Lair:4       Spider (0/4) Lair:3        Slime (0/5) Lair:6
    Orc (2/2) D:10            Elf (0/3) Orc:2         Sewer (visited)
Volcano (visited)

Altars:
Ashenzari
Dithmenos
Fedhas
Gozag
Hepliaklqana
Kikubaaqudgha
Okawaru
Qazlal
Sif Muna
Trog
Uskayaw
Xom
Yredelemnul
Jiyva

Shops:
D:5 *   D:9 ?

Portals:
Trove: D:10 (give +6 demon whip)

Annotations:
D:2 1 runed translucent door, Crazy Yiuf
Lair:6 exclusion: 2 oklob plants

..... ........ .........
#........ ### ##O......#
# ##..##..OO..... #
##....OOOO#T...# .
.#.....COTOC.....
.......OO@T{O....
.....#.)O#T......
##...##...........
##.#....#[.........
##.............^....
##...................
####.......##...........
.........###............
..........##........#..


You could see an ettin, 3 two-headed ogres, an ogre mage, a deep troll, a
cyclops, 3 trolls and 9 ogres.


Message History

You hit the two-headed ogre. You block the ogre mage's attack.
You barely miss the ogre. You slice the two-headed ogre!!
The two-headed ogre is engulfed in blazing flames.
You kill the two-headed ogre!
Okawaru accepts your kill. The ogre barely misses you.
You slice the ogre!!
Your tail-slap misses the ogre.
The ogre mage gestures at you while chanting.
The bolt of magma hits you! You partially resist. 😮 HP[-12] MP[-3]
You take 12 damage, and now have 85/116 hp.
You lost 3 mp, and now have 28/34 mp.
You slice the ogre!!
You kill the ogre!
Okawaru accepts your kill.
You rampage towards the two-headed ogre!
You hit the two-headed ogre. You hit the ogre.
Lightning courses through the ogre!
The two-headed ogre hits you but does no damage.
The two-headed ogre closely misses you.
The ogre is engulfed in blazing flames.
You kill the ogre!
Okawaru accepts your kill. 😮 MP[+1]
You slice the two-headed ogre!!
You tail-slap the two-headed ogre, but do no damage.
You hit the troll.
The ogre mage hits you but does no damage.
You hit the two-headed ogre. You hit the troll.
Lightning courses through the troll!
The two-headed ogre is engulfed in blazing flames.
The two-headed ogre hits you with a +1 dire flail of protection!
The two-headed ogre hits you but does no damage.
The ogre is engulfed in blazing flames.
The troll completely misses you.
The troll claws you but does no damage. x2 😮 HP[-6] MP[-2]
You take 6 damage, and now have 79/116 hp.
You lost 2 mp, and now have 27/34 mp.
You slash the two-headed ogre! You hit the troll. You slice the ogre!!
You kill the ogre!
Okawaru accepts your kill. The ogre mage casts a spell at you.
You suddenly lose the ability to move!
The two-headed ogre is engulfed in blazing flames.
You kill the two-headed ogre!
Okawaru accepts your kill. The troll bites you but does no damage.
The troll claws you but does no damage. x2
The ogre mage hits you but does no damage.
The troll bites you!
The troll claws you but does no damage. x2
The two-headed ogre is engulfed in blazing flames.
The two-headed ogre hits you but does no damage. x2
The ogre mage hits you but does no damage.
The troll bites you but does no damage. The troll claws you!
The troll claws you but does no damage.
The troll is engulfed in blazing flames.
The troll bites you but does no damage. The troll claws you but does no damage.
The troll claws you.
The ogre mage hits you but does no damage.
The two-headed ogre is engulfed in blazing flames.
The two-headed ogre hits you but does no damage.
The two-headed ogre barely misses you. The troll bites you but does no damage.
The troll claws you but does no damage. The troll claws you!
The troll is engulfed in blazing flames.
The troll bites you but does no damage. The troll claws you but does no damage.
The troll claws you.
The ogre mage hits you from afar with a +0 halberd!
* * * LOW HITPOINT WARNING * * *
The two-headed ogre hits you with a +0 giant club.
* * * LOW HITPOINT WARNING * * *
The two-headed ogre hits you but does no damage.
The two-headed ogre hits you but does no damage. x2
The troll bites you but does no damage. The troll barely misses you. x2
The deep troll barely misses you.
The deep troll claws you but does no damage.
The deep troll claws you.
* * * LOW HITPOINT WARNING * * *
The troll bites you but does no damage. The troll claws you.
* * * LOW HITPOINT WARNING * * *
The troll claws you but does no damage.
The ogre mage hits you but does no damage.
The ogre hits you but does no damage.
The two-headed ogre hits you but does no damage. x2
The troll bites you!
* * * LOW HITPOINT WARNING * * *
The troll barely misses you. The troll claws you but does no damage.
The deep troll bites you. The deep troll claws you.
The deep troll claws you but does no damage.
The troll bites you but does no damage.
The troll claws you but does no damage. x2
The two-headed ogre hits you with a +0 giant club!
* * * LOW HITPOINT WARNING * * *
The two-headed ogre hits you with a +0 giant spiked club!
* * * LOW HITPOINT WARNING * * *
The ogre mage hits you but does no damage.
The two-headed ogre hits you with a +0 giant club.
* * * LOW HITPOINT WARNING * * *
The two-headed ogre hits you with a +0 giant club!
* * * LOW HITPOINT WARNING * * *
The ogre hits you with a +0 giant club!!
* * * LOW HITPOINT WARNING * * *
The troll bites you but does no damage. The troll claws you!
You die...

Skill      XL: |  1  2  3  4  5  6  7  8  9 10 11 12 13 14 |
---------------+-------------------------------------------+-----
Axes           | 2 3 4 5 6 8 |  8.1
Shields        | 3 4 6 7 |  7.8
Armour         | 3 4 5 6 7 8 9 10 11 | 11.6
Fighting       | 4 5 6 7 8 9 10 11 12 | 12.7
Invocations    | 1 4 6 8 10 | 10.0
Dodging        | 1 2 4 5 7 8 |  8.6
Evocations     | 3 5 7 8 |  8.7
Spellcasting   | 1 4 6 7 |  7.7

Action                   |  1- 3 |  4- 6 |  7- 9 | 10-12 | 13-15 || total
-------------------------+-------+-------+-------+-------+-------++-------
Melee: War axe           |    84 |   153 |   290 |   427 |   413 ||  1367
       Tailslap          |    10 |    20 |    41 |    71 |    64 ||   206
       Whip              |       |       |       |    18 |    24 ||    42
       Spear             |       |       |       |    10 |     8 ||    18
 Fire: Longbow           |       |       |       |       |     5 ||     5
Throw: Dart              |       |       |    10 |       |       ||    10
Invok: Heroism           |       |       |     1 |    10 |    10 ||    21
       Finesse           |       |       |       |     1 |     3 ||     4
Evoke: Wand              |       |       |     8 |     3 |       ||    11
  Use: Scroll            |       |     6 |       |    16 |     9 ||    31
       Potion            |       |     3 |       |       |     2 ||     5
 Stab: Paralysed         |       |       |       |     3 |       ||     3
       Petrified         |       |       |       |       |     3 ||     3
Armor: Scale mail        |    33 |     1 |       |       |       ||    34
       Chain mail        |       |    93 |   241 |   140 |    20 ||   494
       Plate armour      |       |       |       |   142 |   354 ||   496
Dodge: Dodged            |    30 |    43 |   150 |   273 |   330 ||   826
Block: Buckler           |    13 |    36 |   115 |   128 |   142 ||   434

Levels and vault maps discovered:
D:1:      dpeg_arrival_houses_and_road, layout_rooms,
          hellmonk_ecumenical_altar_leap_of_faith
D:2:      layout_rooms, minmay_distorted, uniq_crazy_yiuf_cottage, uniq_jessica
D:3:      wander_river, layout_basic, mainiacjoe_overflow_surrounded_room,
          serial_curves, eino_curves_01, eino_curves_02,
          minmay_misc_feat_enclosed
D:4:      layout_loops_corners, grunt_dithmenos_smoke, okawaru_trees_2,
          lemuel_tele_altar, worldfamousw_hep_ancestral_shrine,
          gup_sewer_entry_bubbles
D:5:      minmay_razor_zed, layout_basic, temple_green, serial_shops, shop
D:6:      layout_basic
D:7:      layout_loops_corners, serial_bayou_lagoon_a
D:8:      layout_basic, nicolae_uskayaw_suspiria, old_standard_altar,
          minitemple, uniq_gastronok
D:9:      layout_basic, mainiacjoe_overflow_brackets, enter_bailey_3,
          serial_shops, shop, uniq_pikel, uniq_joseph, uniq_erolcha
D:10:     layout_loops_cross, gammafunk_temple_overflow_forgotten,
          david_lair_shrubbed, enter_trove_5
D:11:     layout_rooms, special_room [special_room_bee], roderic_batcave,
          uniq_josephine
D:12:     layout_roguey, chequers_serial_rivers_micro_d,
          nicolae_sif_muna_little_library
Lair:1:   layout_cave_shapes, grunt_megastairs_1
Lair:2:   layout_layer_cave
Lair:3:   minmay_lair_venomous_thicket, layout_chaotic_city,
          spider_nest_entry_funnel_web
Lair:4:   layout_cave_pods, minmay_shoals_entry_centaurs, serial_bayou,
          serial_bayou_pond_d, serial_bayou_ford_a, serial_bayou_pond_e,
          serial_bayou_pond_a, serial_bayou_lake_a, serial_bayou_lagoon_b,
          minmay_holes, nicolae_lair_grove_arrangements,
          infiniplex_staircase_pool
Lair:5:   layout_cave_pods, nicolae_quartered_pool_super, minmay_lair_drake_nest
Lair:6:   gammafunk_lair_ancient_temple, layout_regular_city, slime_altar_1,
          enter_volcano_3, tgw_fedhas
Orc:1:    layout_caves, nicolae_orc_lava_tube
Orc:2:    st_orc_open, layout_caves, nicolae_orc_tapped_out

Notes
Turn   | Place    | Note
-------+----------+-------------------------------------------
     0 | D:1      | GrayStillPlays the Demonspawn Fighter began the quest for
                  | the Orb.
     0 | D:1      | Reached XP level 1. HP: 18/18 MP: 1/1
     0 | D:1      | magus.rc [v1.9.6]
   167 | D:1      | Reached skill level 2 in Axes
   349 | D:1      | Gained mutation: You have a small tail. [demonic ancestry]
   349 | D:1      | Reached XP level 2. HP: 23/24 MP: 2/2
   915 | D:1      | Found a faded altar of an unknown god.
   945 | D:2      | Reached skill level 3 in Shields
   954 | D:2      | Reached skill level 3 in Armour
  1271 | D:2      | Gained mutation: Your demonic aura sometimes causes spilled
                  | blood to erupt in flames. [demonic ancestry]
  1271 | D:2      | Reached XP level 3. HP: 27/29 MP: 3/3
  1590 | D:2      | Noticed Jessica
  1597 | D:2      | Killed Jessica
  1598 | D:2      | Gained mutation: You regenerate magic rapidly. [demonic
                  | ancestry]
  1598 | D:2      | Reached XP level 4. HP: 28/35 MP: 4/4
  1733 | D:2      | Found a runed translucent door.
  1734 | D:2      | Noticed Crazy Yiuf
  2292 | D:3      | Found a stormy altar of Qazlal.
  3155 | D:4      | Noticed a black bear
  3164 | D:4      | Killed a black bear
  3165 | D:4      | Reached skill level 4 in Fighting
  3165 | D:4      | Reached skill level 3 in Axes
  3165 | D:4      | Reached XP level 5. HP: 32/42 MP: 5/5
  3201 | D:4      | Found an iron altar of Okawaru.
  3216 | D:4      | Became a worshipper of Warmaster Okawaru
  3332 | D:4      | Found a shadowy altar of Dithmenos.
  3345 | D:4      | Found a hazy altar of Hepliaklqana.
  3416 | D:4      | Found a basalt altar of Yredelemnul.
  3533 | D:4      | Reached XP level 6. HP: 36/48 MP: 6/6
  3540 | D:4      | HP: 11/49 [orc (8)]
  3618 | D:4      | Reached skill level 4 in Armour
  3631 | D:4      | HP: 9/49 [worm (5)]
  3643 | D:4      | Reached skill level 4 in Shields
  3643 | D:4      | Found a glowing drain.
  3650 | Sewer    | Entered a sewer
  4171 | Sewer    | Found a shimmering altar of Xom.
  4191 | Sewer    | HP: 11/49 [river rat (8)]
  4637 | D:4      | Reached XP level 7. HP: 46/55 MP: 7/7
  5143 | D:5      | Entered Level 5 of the Dungeon
  5283 | D:5      | Reached * piety under Okawaru
  5284 | D:5      | Reached skill level 5 in Fighting
  5342 | D:5      | Found a staircase to the Ecumenical Temple.
  5386 | D:5      | Reached skill level 4 in Axes
  5653 | D:5      | You pick up a book of Necromancy and begin reading...
  5653 | D:5      | You add the spells Pain and Vampiric Draining to your
                  | library.
  5892 | D:5      | Reached skill level 1 in Invocations
  5966 | D:5      | Reached skill level 5 in Armour
  5966 | D:5      | Reached skill level 1 in Dodging
  5966 | D:5      | Reached XP level 8. HP: 34/63 MP: 7/9
  5976 | D:5      | Reached ** piety under Okawaru
  6156 | D:5      | You pick up a book of Vapours and begin reading...
  6156 | D:5      | You add the spells Poisonous Vapours and Corpse Rot to your
                  | library.
  6193 | D:5      | Reached skill level 2 in Invocations
  6315 | D:5      | Found Giasadut's General Store.
  6791 | D:6      | Reached skill level 2 in Dodging
  6791 | D:6      | Reached skill level 3 in Invocations
  6866 | D:6      | Reached skill level 6 in Fighting
  6998 | D:6      | Reached skill level 5 in Axes
  7189 | D:6      | Reached skill level 4 in Invocations
  8253 | D:7      | Reached XP level 9. HP: 64/70 MP: 12/12
  8382 | D:7      | Reached skill level 3 in Dodging
  8385 | D:7      | Reached skill level 1 in Evocations
  8670 | D:7      | You pick up a book of Geomancy and begin reading...
  8670 | D:7      | You add the spells Sandblast, Passwall and Stone Arrow to
                  | your library.
  8965 | D:8      | Reached *** piety under Okawaru
  9255 | D:8      | Reached skill level 6 in Armour
  9276 | D:8      | Found a bloodstained altar of Trog.
  9281 | D:8      | Found an ancient bone altar of Kikubaaqudgha.
  9379 | D:8      | Found a shimmering altar of Xom.
  9537 | D:8      | Reached skill level 5 in Invocations
  9541 | D:8      | HP: 17/71 [poisoned by a kobold brigand (curare-tipped
                  | dart)]
  9548 | D:8      | HP: 14/71 [kobold (4)]
  9548 | D:8      | Noticed Gastronok
  9868 | D:8      | Killed Gastronok
  9868 | D:8      | Reached **** piety under Okawaru
  9869 | D:8      | Reached skill level 7 in Fighting
  9869 | D:8      | Reached skill level 4 in Dodging
  9869 | D:8      | Reached skill level 6 in Invocations
  9869 | D:8      | Reached skill level 3 in Evocations
 10052 | D:8      | You add the spells Ozocubu's Armour and Ozocubu's
                  | Refrigeration to your library.
 10119 | D:8      | Found a hide-covered altar of Uskayaw.
 10338 | D:9      | Gained mutation: When hurt, damage is shared between your
                  | health and your magic reserves. [demonic ancestry]
 10338 | D:9      | Reached XP level 10. HP: 39/79 MP: 14/14
 10361 | D:9      | Reached skill level 7 in Armour
 10361 | D:9      | Reached skill level 4 in Evocations
 10367 | D:9      | Reached skill level 7 in Invocations
 10390 | D:9      | Found a blossoming altar of Fedhas.
 10545 | D:9      | Reached skill level 5 in Dodging
 11127 | D:9      | Noticed Pikel
 11136 | D:9      | Killed Pikel
 11137 | D:9      | Reached skill level 8 in Fighting
 11221 | D:9      | Noticed Erolcha
 11227 | D:9      | Killed Erolcha
 11227 | D:9      | Reached ***** piety under Okawaru
 11261 | D:9      | Found Kidgheon's Magic Scroll Emporium.
 11299 | D:9      | Bought a scroll of brand weapon for 260 gold pieces
 11331 | D:9      | Noticed Joseph
 11353 | D:9      | Killed Joseph
 11354 | D:9      | Reached skill level 8 in Invocations
 11354 | D:9      | Reached skill level 5 in Evocations
 11760 | D:10     | Entered Level 10 of the Dungeon
 11783 | D:10     | Found a staircase to the Lair.
 11981 | D:10     | Noticed a cyclops
 11989 | D:10     | Killed a cyclops
 12063 | D:10     | Noticed a two-headed ogre
 12074 | D:10     | Killed a two-headed ogre
 12074 | D:10     | Identified the +5 war axe of Gluttony {vorpal, rN+ Dex-3
                  | Stlth+} (Okawaru gifted it to you on level 10 of the
                  | Dungeon)
 12074 | D:10     | Received a gift from Okawaru
 12075 | D:10     | Reached XP level 11. HP: 49/87 MP: 15/17
 12494 | D:10     | Reached skill level 6 in Dodging
 12662 | D:10     | Noticed a vault guard
 12672 | D:10     | Killed a vault guard
 12673 | D:10     | Reached skill level 8 in Armour
 12766 | D:10     | Found a portal to a secret trove of treasure.
 12781 | D:10     | Found a staircase to the Orcish Mines.
 12797 | D:10     | This trove needs a +6 demon whip to function. Give it the
                  | item?
 12902 | Lair:1   | Entered Level 1 of the Lair of Beasts
 12919 | D:10     | Reached skill level 9 in Invocations
 13040 | D:10     | HP: 21/86 [poisoned by a cane toad]
 13044 | D:10     | Reached skill level 6 in Evocations
 13045 | D:10     | HP: 18/87 [poisoned by a cane toad]
 13587 | Lair:1   | Noticed an eight-headed hydra
 13597 | Lair:1   | Killed an eight-headed hydra
 13598 | Lair:1   | Reached skill level 9 in Fighting
 14043 | Lair:1   | Identified the -2 pair of boots of the Hall of Blades
                  | {rPois Str+7 Int+4 Dex-3} (Okawaru gifted it to you on
                  | level 1 of the Lair of Beasts)
 14043 | Lair:1   | Received a gift from Okawaru
 14422 | Lair:1   | Reached skill level 10 in Invocations
 14578 | Lair:1   | Reached skill level 7 in Dodging
 15395 | Lair:2   | Reached skill level 7 in Evocations
 15591 | Lair:2   | You pick up a book of Weapons and begin reading...
 15591 | Lair:2   | You add the spells Portal Projectile, Excruciating Wounds
                  | and Blade Hands to your library.
 15618 | Lair:2   | Reached skill level 1 in Spellcasting
 16269 | Lair:3   | Gained mutation: Your demonic aura often causes spilled
                  | blood to erupt in flames. [demonic ancestry]
 16269 | Lair:3   | Reached XP level 12. HP: 81/97 MP: 19/19
 16405 | Lair:3   | You pick up a book of the Sky and begin reading...
 16405 | Lair:3   | You add the spells Storm Form and Maxwell's Capacitive
                  | Coupling to your library.
 16612 | Lair:3   | You pick up a book of Chaos and begin reading...
 16612 | Lair:3   | You add the spells Conjure Ball Lightning, Disjunction and
                  | Discord to your library.
 16733 | Lair:3   | Reached skill level 9 in Armour
 16733 | Lair:3   | Reached skill level 2 in Spellcasting
 17108 | Lair:3   | Reached skill level 10 in Fighting
 17223 | Lair:3   | Found a hole to the Spider Nest.
 17564 | Lair:4   | Received a gift from Okawaru
 17570 | Lair:4   | Reached skill level 3 in Spellcasting
 17826 | Lair:4   | Reached skill level 8 in Dodging
 17826 | Lair:4   | Reached skill level 8 in Evocations
 17880 | Lair:4   | Identified the +0 helmet of the Evening Star {rPois}
                  | (Okawaru gifted it to you on level 4 of the Lair of Beasts)
 17880 | Lair:4   | Received a gift from Okawaru
 18367 | Lair:4   | Reached skill level 4 in Spellcasting
 18733 | Lair:4   | You pick up a book of Fire and begin reading...
 18733 | Lair:4   | You add the spells Fireball, Starburst and Ignition to your
                  | library.
 18778 | Lair:4   | Found a staircase to the Shoals.
 18833 | Lair:4   | Noticed a five-headed hydra
 18842 | Lair:4   | Killed a five-headed hydra
 18935 | Lair:4   | Noticed a five-headed hydra
 18949 | Lair:4   | Killed a five-headed hydra
 19933 | Lair:5   | Noticed a six-headed hydra
 19943 | Lair:5   | Killed a six-headed hydra
 19944 | Lair:5   | Reached XP level 13. HP: 85/104 MP: 16/20
 20155 | Lair:5   | Reached skill level 10 in Armour
 20810 | Lair:5   | Reached skill level 11 in Fighting
 20817 | Lair:5   | Reached skill level 5 in Shields
 20981 | Lair:5   | Reached skill level 5 in Spellcasting
 21337 | Lair:5   | Identified the +11 war axe of Responsibility {elec, rF+
                  | Int+4}
 21469 | Lair:5   | Reached ****** piety under Okawaru
 21473 | Lair:5   | Received a gift from Okawaru
 21478 | Lair:5   | Reached skill level 6 in Axes
 22087 | Lair:6   | Entered Level 6 of the Lair of Beasts
 22105 | Lair:6   | Reached skill level 6 in Shields
 22119 | Lair:6   | Reached skill level 6 in Spellcasting
 22164 | Lair:6   | HP: 25/107 [poisoned by a water moccasin]
 22169 | Lair:6   | HP: 19/107 [poisoned by a water moccasin]
 22183 | Lair:6   | HP: 13/107 [yak (2)]
 22186 | Lair:6   | Received a gift from Okawaru
 22186 | Lair:6   | Found the +8 storm bow {elec, penet}
 22188 | Lair:6   | HP: 20/107 [yak (7)]
 22263 | Lair:6   | HP: 25/107 [eight-headed hydra (3)]
 22292 | Lair:6   | Got the Incunabulum of Experimentation
 22296 | Lair:6   | You pick up a book of Callings and begin reading...
 22308 | Lair:6   | HP: 26/107 [cane toad (4)]
 22309 | Lair:6   | Reached XP level 14. HP: 28/114 MP: 16/23
 22344 | Lair:6   | Found a blossoming altar of Fedhas.
 22523 | Lair:6   | Found a dark tunnel.
 22534 | Volcano  | Entered a volcano
 22941 | Volcano  | Reached skill level 7 in Axes
 22941 | Volcano  | Reached skill level 11 in Armour
 23213 | Lair:6   | Reached skill level 12 in Fighting
 23292 | Lair:6   | You pick up a book of the Earth and begin reading...
 23292 | Lair:6   | You add the spells Leda's Liquefaction, Lee's Rapid
                  | Deconstruction and Statue Form to your library.
 23306 | Lair:6   | Found a viscous altar of Jiyva.
 23306 | Lair:6   | Found a staircase to the Slime Pits.
 23410 | Lair:6   | You pick up a book of Chaos and begin reading...
 23572 | Lair:6   | Identified the +7 plate armour of Gallantry {Rampage rCorr
                  | MP+9 Int+2} (Okawaru gifted it to you on level 6 of the
                  | Lair of Beasts)
 23572 | Lair:6   | Received a gift from Okawaru
 24097 | Lair:6   | Reached skill level 7 in Shields
 24121 | Lair:6   | You add the spells Borgnjor's Revivification, Necromutation
                  | and Death's Door to your library.
 24293 | Lair:6   | Reached skill level 7 in Spellcasting
 24546 | D:10     | Found an opulent altar of Gozag.
 24547 | D:10     | Found a broken altar of Ashenzari.
 24547 | D:10     | Found a shimmering blue altar of Sif Muna.
 25113 | D:11     | Noticed Josephine
 25118 | D:11     | Killed Josephine
 26032 | D:12     | You pick up a book of Flames and begin reading...
 26032 | D:12     | You add the spells Foxfire, Conjure Flame, Inner Flame and
                  | Flame Wave to your library.
 26106 | D:12     | Found a shimmering blue altar of Sif Muna.
 26420 | Orc:1    | Entered Level 1 of the Orcish Mines
 27264 | Orc:2    | Entered Level 2 of the Orcish Mines
 27411 | Orc:2    | Found a staircase to the Elven Halls.
 27565 | Orc:2    | Reached skill level 8 in Axes
 27565 | Orc:2    | Identified the +7 short sword of Immorality {elec, Dex+3}
                  | (Okawaru gifted it to you on level 2 of the Orcish Mines)
 27565 | Orc:2    | Received a gift from Okawaru
 27580 | Orc:2    | Paralysed by an ogre mage for 7 turns
 27586 | Orc:2    | HP: 24/116 [two-headed ogre (6)]
 27587 | Orc:2    | HP: 3/116 [ogre (13)]
 27587 | Orc:2    | Mangled by a troll

Vanquished Creatures
  Gastronok (D:8)
  Josephine (D:11)
  A vault guard (D:10)
  A merfolk avatar (Lair:6)
  Erolcha (D:9)
  10 hydras
  A catoblepas (Lair:6)
  A centaur warrior (Volcano)
  7 two-headed ogres
  A hell knight (Volcano)
  A sea snake (Lair:6)
  A deep troll (Orc:2)
  An orc knight (Orc:1)
  Pikel (D:9)
  A deep elf pyromancer (D:12)
  A wolf spider (Lair:3)
  4 cyclopes
  2 manticores
  12 elephants
  Joseph (D:9)
  3 black mambas
  20 cane toads
  A torpor snail (Lair:5)
  12 rime drakes
  7 komodo dragons
  A yaktaur (Volcano)
  A queen bee (D:11)
  4 polar bears
  9 trolls
  25 blink frogs
  14 dream sheep
  A jumping spider (Lair:3)
  A shadow (D:9)
  A culicivora (Lair:3)
  7 wyverns
  54 yaks
  3 wraiths (D:11)
  7 basilisks
  4 vampire mosquitoes (D:12)
  A redback (Lair:3)
  3 wargs
  A steam dragon (Lair:6)
  An acid dragon (D:11)
  14 water moccasins
  2 hell hounds (Lair:6)
  9 orc warriors
  An ice beast (D:5)
  2 black bears
  2 sky beasts
  2 necrophages
  10 ogres
  6 wolves
  7 centaurs
  3 kobold brigands
  5 bullfrogs
  A wyvern zombie (D:5)
  A gnoll sergeant (D:7)
  4 scorpions
  A water moccasin zombie (D:4)
  A water moccasin skeleton (D:6)
  23 killer bees
  2 vampire bats (D:11)
  4 wights (D:10)
  3 electric eels (Lair:4)
  2 jellies (Sewer)
  A bullfrog skeleton (D:7)
  2 bullfrog zombies (D:5)
  A gnoll shaman (D:7)
  A centaur skeleton (D:5)
  4 centaur zombies
  10 orc priests
  2 hounds
  2 iguanas (D:5)
  Jessica (D:2)
  14 orc wizards
  6 hell rats
  2 hound skeletons
  18 adders
  10 gnolls
  A howler monkey skeleton (D:7)
  2 river rats
  A shadow imp (D:5)
  A white imp (D:6)
  An ufetubus (D:5)
  An adder skeleton (D:5)
  2 worms
  54 orcs
  16 endoplasms
  7 giant cockroaches
  12 goblins
  2 hobgoblins
  17 kobolds
  A quokka (D:5)
  14 ball pythons
  15 bats
  6 frilled lizards
  6 rats
569 creatures vanquished.

Vanquished Creatures (others)
  A black bear (D:6)
  53 fungi
  179 plants
  18 toadstools (Lair:6)
251 creatures vanquished.

Grand Total: 820 creatures vanquished

Table legend:
 A = Non-vault XP
 B = Vault XP
 C = Vault XP percentage of total XP
 D = Non-vault monster count
 E = Vault monster count
 F = Vault count percentage of total count
                 A         B        C        D         E       F
            +---------+---------+-------+---------+---------+-------
      Total |   67312 |   29600 |  30.5 |     413 |     157 |  27.5
            +---------+---------+-------+---------+---------+-------
        D:1 |      27 |       0 |   0.0 |      17 |       0 |   0.0
        D:2 |      32 |      43 |  57.3 |      20 |       4 |  16.7
        D:3 |      59 |       0 |   0.0 |      17 |       0 |   0.0
        D:4 |     389 |      38 |   8.9 |      10 |       6 |  37.5
        D:5 |     614 |     433 |  41.4 |      19 |      10 |  34.5
        D:6 |     741 |       0 |   0.0 |      12 |       0 |   0.0
        D:7 |     562 |       0 |   0.0 |      14 |       0 |   0.0
        D:8 |     445 |    1497 |  77.1 |      17 |       1 |   5.6
        D:9 |    2698 |    1925 |  41.6 |      28 |       7 |  20.0
       D:10 |    3623 |    1223 |  25.2 |      23 |       2 |   8.0
       D:11 |    1461 |    3151 |  68.3 |       7 |      34 |  82.9
       D:12 |    3480 |       0 |   0.0 |       9 |       0 |   0.0
     Lair:1 |    4386 |    1200 |  21.5 |      17 |       4 |  19.0
     Lair:2 |    1843 |       0 |   0.0 |       6 |       0 |   0.0
     Lair:3 |    3651 |    2290 |  38.5 |      16 |      16 |  50.0
     Lair:4 |    8567 |     342 |   3.8 |      25 |       3 |  10.7
     Lair:5 |   14060 |    1489 |   9.6 |      51 |       4 |   7.3
     Lair:6 |   15531 |    7328 |  32.1 |      51 |      18 |  26.1
      Orc:1 |    3646 |       0 |   0.0 |      38 |       0 |   0.0
      Orc:2 |    1497 |    6155 |  80.4 |      16 |      17 |  51.5
      Sewer |       0 |     170 | 100.0 |       0 |      25 | 100.0
    Volcano |       0 |    2316 | 100.0 |       0 |       6 | 100.0
            +---------+---------+-------+---------+---------+-------

Illustrated notes

Table legend:
 A = Kills in this place as a percentage of kills in entire the game.
 B = Kills by you in this place as a percentage of kills by you in the entire game.
 C = Kills by friends in this place as a percentage of kills by friends in the entire game.
 D = Other kills in this place as a percentage of other kills in the entire game.
 E = Experience gained in this place as a percentage of experience gained in the entire game.
 F = Experience gained in this place divided by the number of levels of this place that you have seen.
                   A       B       C       D       E      F
               +-------+-------+-------+-------+-------+----------------------
         Total | 100.0 | 100.0 |   N/A | 100.0 | 100.0 | 4405.1
       Dungeon |  45.1 |  45.0 |   N/A | 100.0 |  23.2 | 1870.1
          Lair |  37.0 |  37.1 |   N/A |   0.0 |  62.6 | 10114.5
  Orcish Mines |  12.5 |  12.5 |   N/A |   0.0 |  11.7 | 5649.0
         Sewer |   4.4 |   4.4 |   N/A |   0.0 |   0.2 | 170.0
       Volcano |   1.1 |   1.1 |   N/A |   0.0 |   2.4 | 2316.0
               +-------+-------+-------+-------+-------+----------------------

Table legend: (Time is in decaauts)
 A = Elapsed time spent in this place.
 B = Non-inter-level travel time spent in this place.
 C = Inter-level travel time spent in this place.
 D = Time resting spent in this place.
 E = Time spent auto-exploring this place.
 F = Levels seen in this place.
 G = Mean time per level.
                   A        B        C        D        E       F      G
               +--------+--------+--------+--------+--------+-----+--------+
         Total |  28121 |  26192 |   1929 |   1399 |  20051 |  22 | 1278.2 |
       Dungeon |  14727 |  13438 |   1289 |    725 |  10284 |  12 | 1227.2 |
          Lair |  10664 |  10036 |    628 |      0 |   8360 |   6 | 1777.3 |
  Orcish Mines |   1141 |   1130 |     11 |    169 |    719 |   2 |  570.5 |
         Sewer |    970 |    970 |      0 |    203 |    565 |   1 |  970.0 |
       Volcano |    617 |    617 |      0 |    302 |    123 |   1 |  617.0 |
               +--------+--------+--------+--------+--------+-----+--------+

Top non-repeatable levels by time:
  Lair:4: 2366 daAuts
  Lair:5: 2337 daAuts
    D:10: 2026 daAuts
  Lair:6: 1728 daAuts
  Lair:2: 1527 daAuts
     D:9: 1473 daAuts
     D:8: 1394 daAuts
     D:5: 1389 daAuts
  Lair:1: 1362 daAuts
  Lair:3: 1340 daAuts
     D:7: 1258 daAuts
     D:6: 1227 daAuts
     D:3: 1203 daAuts
     D:4: 1124 daAuts
     D:2: 1081 daAuts
